AoeStats
← M@nqu!to

Arena

506757804Analyzed
1v1 RM · 16d ago on Sep 15, 2026· 51m 16s· 2 players
Game mode
Random Map
Map size
Tiny (2 player)
Population
200
Speed
Normal
Resources
Standard
Victory
Conquest
Starting age
Dark Age
Ending age
Imperial Age
RankedLock teamsTeams togetherTeam positionsShared explorationLock speedFull tech treeHidden civsTurbo modeCheats
Victory
Defeat
🇹🇼 Burgundians · Taiwan
1238
+18
🇵🇪 Koreans · Peru
1288
-18
Feather
3:31 Double-Bit Axe
6:54 Horse Collar
9:03 Loom
10:58 Feudal Age
17:08 Castle Age
16:23 Fletching
18:20 Bow Saw
24:11 Wheelbarrow
23:22 Town Watch
33:32 Imperial Age
32:54 Bodkin Arrow
33:22 Elite Skirmisher
35:29 Bracer
34:54 Cavalier
36:43 Chemistry
41:40 Hand Cart
41:27 Bracer
41:33 Scale Barding Armor
41:39 Forging
41:45 Light Cavalry
42:25 Husbandry
43:31 Padded Archer Armor
48:04 Chain Barding Armor
48:20 Iron Casting
49:14 Two-Man Saw
48:40 Paladin
51:27 Gold Mining
M@nqu!to
6:47 Loom
9:15 Feudal Age
15:45 Fletching
18:08 Town Watch
24:03 Castle Age
22:49 Double-Bit Axe
23:44 Horse Collar
24:39 Bodkin Arrow
29:29 Imperial Age
32:24 Bracer
34:23 Scale Mail Armor
34:34 Forging
34:42 Crossbowman
35:32 Arbalester
36:18 Thumb Ring
41:47 Elite Skirmisher
43:50 Chemistry
43:11 Ballistics
43:59 Conscription
48:37 Elite Fire Lancer
50:45 Squires
Connection lost

Rejoining the realm…

Still unreachable

The connection could not be restored.

Session expired

The server has moved on; the page needs a fresh start.